[Event "Team 45 45 League T80"]
[Site "Internet Chess Club"]
[Date "2019.04.15"]
[Round "3"]
[White "LuFran"]
[Black "rubo"]
[Result "1/2-1/2"]
[WhiteElo "1653"]
[BlackElo "1570"]
[Opening "Caro-Kann: two knights variation"]
[ECO "B11"]
[Time "20:00:42"]
[TimeControl "2700+45"]

1. e4 c6 2. Nc3 d5 3. Nf3 dxe4 4. Nxe4 Bg4 5. h3 Bxf3 6. Qxf3 e6 7. d4 Be7 8. c3
Nd7 9. Be2 h6 10. O-O Ngf6 11. Nxf6+ Nxf6 12. Be3 Qd5 13. Qxd5 Nxd5 14. Bd2 Bd6
15. Rfe1 {Game drawn by mutual agreement} 1/2-1/2

[Event "Team 45 45 League T80"]
[Site "Internet Chess Club"]
[Date "2019.04.13"]
[Round "3"]
[White "g8wrb"]
[Black "kabubi"]
[Result "1-0"]
[WhiteElo "1419"]
[BlackElo "1180"]
[Opening "Ruy Lopez: Worrall attack, sharp line"]
[ECO "C86"]
[Time "10:02:52"]
[TimeControl "2700+45"]

1. e4 e5 2. Nf3 Nc6 3. Bb5 a6 4. Ba4 Nf6 5. Qe2 Be7 6. O-O b5 7. Bb3 O-O 8. Rd1
d5 9. exd5 Nxd5 10. Nxe5 Nf4 11. Qe4 Qd4 12. Qxc6 Bc5 13. Rf1 Ne2+ 14. Kh1 Nxc1
15. Rxc1 Qxb2 16. Nc3 Rb8 17. Qxc5 Bf5 18. Nd3 Bxd3 19. cxd3 Qxd2 20. Rd1 Qf4
21. Qe3 Qb4 22. Nd5 Qd6 23. Qf4 Qe6 24. Nxc7 {Black resigns} 1-0

[Event "Team 45 45 League T80"]
[Site "Internet Chess Club"]
[Date "2019.04.13"]
[Round "3"]
[White "SeniorCitizen"]
[Black "oldbookseller"]
[Result "1-0"]
[WhiteElo "1290"]
[BlackElo "1094"]
[Opening "Robatsch (modern) defense"]
[ECO "B06"]
[Time "13:01:07"]
[TimeControl "2700+45"]

1. e4 g6 2. Nf3 Bg7 3. d4 Nf6 4. e5 Ne4 5. Bd3 Nxf2 6. Kxf2 d6 7. h3 e6 8. Nc3
O-O 9. Rf1 dxe5 10. dxe5 Nc6 11. Bf4 Nd4 12. Kg1 Nxf3+ 13. Rxf3 Qd4+ 14. Kh1
Bxe5 15. Bxe5 Qxe5 16. Qe2 Qd6 17. Ne4 Qd4 18. c3 Qd8 19. Nf6+ Kh8 20. Qe5 b6
21. Ne8+ Kg8 22. Qg7# {Black checkmated} 1-0